 Dungeon Crawl Stone Soup version 0.28.0-53-g5a82cb258f (webtiles) character file.

Game seed: 3966426770043422185

1320 Zeld the Thaumaturge (level 8, -9/41 HPs)
             Began as a Deep Elf Fire Elementalist on May 22, 2022.
             Mangled by a gnoll sergeant
             ... wielding a +0 spear
              (14 damage)
             ... on level 5 of the Dungeon.
             The game lasted 00:05:22 (7458 turns).

Zeld the Thaumaturge (Deep Elf Fire Elementalist)   Turns: 7458, Time: 00:05:23

Health: -9/41      AC:  2    Str:  5    XL:     8   Next: 33%
Magic:  22/22      EV: 14    Int: 23    God:
Gold:   53         SH:  0    Dex: 15    Spells: 17/23 levels left

rFire   . . .      SeeInvis +   (no weapon)
rCold   . . .      Faith    .   (no shield)
rNeg    . . .      Spirit   .   a - +0 robe
rPois   .          Reflect  .   (no helmet)
rElec   .          Harm     .   (no cloak)
rCorr   .          Rampage  .   (no gloves)
Will    .....                   (no boots)
Stlth   ++........              (no amulet)
HPRegen 0.13/turn               l - ring of see invisible
MPRegen 0.18/turn               (no ring)

@: no status effects
A: no striking features
a: no special abilities


You were on level 5 of the Dungeon.
You visited 1 branch of the dungeon, and saw 5 of its levels.

You collected 215 gold pieces.
You spent 162 gold pieces at shops.

Inventory:

Armour
 a - a +0 robe (worn)
Jewellery
 l - a ring of see invisible (left hand)
Wands
 p - a wand of polymorph (6)
Scrolls
 b - a scroll of fear {unknown}
 f - 4 scrolls of blinking {unknown}
 g - a scroll of magic mapping {unknown}
 h - 2 scrolls of fog {unknown}
 i - 2 scrolls of identify {unknown}
 j - 2 scrolls of torment {unknown}
 k - 2 scrolls of vulnerability {unknown}
 q - 2 scrolls of silence {unknown}
 r - a scroll of teleportation {unknown}
 s - a scroll of enchant weapon {unknown}
Potions
 c - a potion of degeneration {unknown}
 d - 3 potions of ambrosia {unknown}
 e - 2 potions of lignification {unknown}
 m - a potion of curing {unknown}
 n - a potion of invisibility {unknown}
 o - a potion of haste {unknown}


   Skills:
 + Level 5.4 Dodging
 - Level 2.4 Stealth
 * Level 8.2 Spellcasting
 + Level 4.5 Conjurations
 * Level 7.2 Fire Magic


You had 17 spell levels left.
You knew the following spells:

 Your Spells              Type           Power      Damage    Failure   Level
a - Foxfire               Conj/Fire      100%       2x1d9     1%          1
b - Scorch                Fire           84%        2d9       1%          2
c - Inner Flame           Hex/Fire       26%        N/A       4%          3

Your spell library contained the following spells:

 Spells                   Type           Power      Damage    Failure   Level
 Conjure Flame            Conj/Fire      36%        6-21      1%          3
 Flame Wave               Conj/Fire      36%        2d9       6%          4
 Dazzling Flash           Conj/Hex       38%        N/A       8%          3
 Agony                    Necr           9%         N/A       88%         5
 Silence                  Hex/Air        4%         N/A       88%         5


Dungeon Overview and Level Annotations

Branches:
Dungeon (5/15)
 Temple: D:4-7

Altars:
Kikubaaqudgha
Nemelex Xobeh

Shops:
D:1 (

Annotations:
D:3 1 runed translucent door, Zeld's ghost, amateur OgTm


Message History

You closely miss the quokka. The quokka closely misses you.
You barely miss the quokka. Your punch misses the quokka. The quokka bites you.
The quokka barely misses you.
You hit the quokka but do no damage. The quokka closely misses you.
You are too injured to fight recklessly!
You hit the quokka but do no damage. The quokka bites you.
* * * LOW HITPOINT WARNING * * *
The gnoll sergeant hits you from afar with a +0 spear.
* * * LOW HITPOINT WARNING * * *
You are too injured to fight recklessly!
You hit the quokka but do no damage. The quokka closely misses you.
The gnoll sergeant closely misses you.
You are too injured to fight recklessly!
You see here a +0 whip.
The quokka bites you.
* * * LOW HITPOINT WARNING * * *
You see here 3 gold pieces.
You see here a +0 buckler.
The quokka misses you.
Casting: Foxfire (safe; 1% risk of failure)
Confirm with . or Enter, or press ? or * to list all spells.
Flames lash the quokka.
You kill the quokka!
There is an open door here.
You see here a hound corpse.
There is an open door here.
You see here a +0 troll leather armour.
Found a scroll labelled DUVUNO NEWKIX.
You see here a scroll labelled DUVUNO NEWKIX.
The gnoll sergeant hits you from afar with a +0 spear!
* * * LOW HITPOINT WARNING * * *
Found three items.
The gnoll sergeant completely misses you.
Found a scroll labelled QUMECU ZEGHURE.
You see here a scroll labelled QUMECU ZEGHURE.
The gnoll sergeant misses you.
The gnoll sergeant hits you from afar with a +0 spear!
* * * LOW HITPOINT WARNING * * *
The gnoll sergeant hits you from afar with a +0 spear!
You die...

.#.# #.##.# #.##.......#
.#.###.##.# #..........#
....##.##.# ####.......#
....##.##.# #.......#
....##....# #.......#
.........## #.......#
.........#### ##########
............# #..g.....#
.#..........# #@######.#
.#####..(...# #.# #.# .#
#......# #.######.## .#
#......# #.#.......# .#
######## #.#.!$....#
.###############.#?......#
.#.............?.#.......#
.#.####################.##
.#.# ##.......## #.#


You could see a gnoll sergeant.

Vanquished Creatures
  A troll (D:5)
  Menkaure (D:5)
  An ogre (D:4)
  A necrophage (D:5)
  A phantom (D:4)
  A scorpion (D:2)
  4 killer bees (D:4)
  A howler monkey (D:5)
  A centaur zombie (D:5)
  2 orc priests
  2 hounds (D:5)
  2 orc wizards
  3 hound skeletons (D:4)
  A howler monkey zombie (D:5)
  5 gnolls (D:5)
  6 adders
  An adder skeleton (D:4)
  3 worms
  2 dart slugs
  21 orcs
  2 bats (D:3)
  9 endoplasms
  2 giant cockroaches (D:1)
  7 goblins
  4 hobgoblins
  4 quokkas
  6 ball pythons
  6 frilled lizards
  5 kobolds
  4 rats
109 creatures vanquished.

Vanquished Creatures (others)
  39 foxfires
39 creatures vanquished.

Grand Total: 148 creatures vanquished

Notes
Turn   | Place    | Note
-------+----------+-------------------------------------------
     0 | D:1      | Zeld the Deep Elf Fire Elementalist began the quest for the
                  | Orb.
     0 | D:1      | Reached XP level 1. HP: 10/10 MP: 6/6
   468 | D:1      | Reached XP level 2. HP: 15/15 MP: 2/8
   498 | D:1      | Learned a level 2 spell: Scorch
   572 | D:1      | Found a faded altar of an unknown god.
   580 | D:1      | Found Lapnocs's Antique Weapon Emporium.
  1750 | D:2      | Reached XP level 3. HP: 19/19 MP: 5/10
  1754 | D:2      | Learned a level 3 spell: Inner Flame
  2132 | D:2      | Reached skill level 4 in Spellcasting
  2272 | D:2      | Noticed a scorpion
  2277 | D:2      | Killed a scorpion
  2278 | D:2      | Reached XP level 4. HP: 24/24 MP: 6/12
  3004 | D:3      | Reached XP level 5. HP: 28/28 MP: 7/14
  3162 | D:3      | Found a runed translucent door.
  3162 | D:3      | Noticed Zeld's ghost (amateur OgTm)
  3267 | D:3      | Reached skill level 5 in Spellcasting
  3460 | D:3      | Found an ancient bone altar of Kikubaaqudgha.
  4649 | D:4      | Noticed a phantom
  4655 | D:4      | Killed a phantom
  4656 | D:4      | Reached skill level 5 in Fire Magic
  4656 | D:4      | Reached XP level 6. HP: 27/32 MP: 6/16
  5035 | D:4      | Reached skill level 6 in Spellcasting
  5154 | D:4      | Reached XP level 7. HP: 36/36 MP: 7/18
  5549 | D:4      | HP: 1/36 [poisoned by a killer bee]
  5718 | D:4      | Found a sparkling altar of Nemelex Xobeh.
  5982 | D:1      | Bought a runed long sword for 162 gold pieces
  6239 | D:5      | Entered Level 5 of the Dungeon
  6299 | D:5      | Noticed Menkaure
  6307 | D:5      | Reached skill level 7 in Spellcasting
  6307 | D:5      | Killed Menkaure
  6659 | D:5      | Noticed a troll
  6893 | D:5      | Killed a troll
  6894 | D:5      | Reached skill level 5 in Dodging
  6894 | D:5      | Reached XP level 8. HP: 16/41 MP: 11/21
  7126 | D:5      | Reached skill level 8 in Spellcasting
  7458 | D:5      | Mangled by a gnoll sergeant

Illustrated notes

Levels and vault maps discovered:
D:1:      lightli_arrival_statue_moat, layout_basic,
          hellmonk_ecumenical_altar_heavens_door, serial_shops, shop
D:2:      layout_basic, minmay_misc_feat_rows
D:3:      layout_basic, mainiacjoe_overflow_24_doors, gammafunk_ghost_grave
D:4:      layout_basic, lemuel_coloured_pillars_altar
D:5:      minmay_chambers_of_fours, layout_basic, uniq_menkaure

Skill      XL: |  1  2  3  4  5  6  7  8 |
---------------+-------------------------+-----
Dodging        | 3 4 5 |  5.4
Spellcasting   | 4 5 6 7 8 |  8.2
Fire Magic     | 4 5 6 7 |  7.2
Conjurations   | 2 3 4 |  4.5
Stealth        | |  2.4

Action                   |  1- 3 |  4- 6 |  7- 9 || total
-------------------------+-------+-------+-------++-------
Melee: Unarmed           |    13 |     9 |     9 ||    31
 Cast: Foxfire           |    29 |       |     3 ||    32
       Scorch            |    38 |    75 |    50 ||   163
  Use: Potion            |       |       |     3 ||     3
Armor: Robe              |     4 |     5 |     4 ||    13
Dodge: Dodged            |    22 |    17 |    48 ||    87
